 Dungeon Crawl Stone Soup version 0.29-a0-1008-g949cc1d0fb (webtiles) character file.

Game seed: 16199415284553935520

453 vurker the Shooter (level 6, 0/53 HPs)
             Began as a Minotaur Hunter on Aug 7, 2022.
             Slain by an iguana (10 damage)
             ... on level 4 of the Dungeon.
             The game lasted 00:03:38 (3406 turns).

vurker the Shooter (Minotaur Hunter)                Turns: 3406, Time: 00:03:39

Health: 0/53       AC: 11    Str: 18    XL:     6   Next: 75%
Magic:  5/5        EV:  6    Int:  6    God:
Gold:   205        SH:  0    Dex: 13    Spells: 5/5 levels left

rFire   . . .      SeeInvis .   a - +0 shortbow
rCold   . . .      Faith    .   (shield currently unavailable)
rNeg    . . .      Spirit   .   e - +0 plate armour
rPois   +          Reflect  .   (helmet restricted)
rElec   .          Harm     .   (no cloak)
rCorr   +          Rampage  .   (no gloves)
Will    .....                   (no boots)
Stlth   ..........              (no amulet)
HPRegen 0.17/turn               i - ring of poison resistance
MPRegen 0.09/turn               f - ring of resist corrosion

@: no status effects
A: horns 2, retaliatory headbutt
a: no special abilities


You were on level 4 of the Dungeon.
You visited 1 branch of the dungeon, and saw 4 of its levels.

You collected 205 gold pieces.

Inventory:

Hand Weapons
 a - a +0 shortbow (weapon)
Armour
 e - a +0 plate armour (worn)
   (You found it on level 3 of the Dungeon)
Jewellery
 f - a ring of resist corrosion (right hand)
   (You found it on level 1 of the Dungeon)
 i - a ring of poison resistance (left hand)
   (You found it on level 3 of the Dungeon)
Wands
 k - a wand of polymorph (13)
   (You took it off an orc on level 4 of the Dungeon)
Scrolls
 b - a scroll of immolation
 c - a scroll of vulnerability {unknown}
 d - a scroll of teleportation
 l - a scroll of fog {unknown}
Potions
 g - a potion of curing {unknown}
 h - 2 potions of might {unknown}
 j - a potion of attraction {unknown}


   Skills:
 + Level 4.5 Fighting
 * Level 2.7 Axes
 - Level 5.9 Ranged Weapons
 + Level 3.4 Armour
 + Level 3.9 Dodging
 - Level 0.7 Stealth


You had 5 spell levels left.
You didn't know any spells.
Your spell library contained the following spells:

 Spells                   Type           Power      Damage    Failure   Level
 Summon Small Mammal      Summ           0%         N/A       100%        1
 Call Canine Familiar     Summ           0%         N/A       100%        3
 Ozocubu's Armour         Ice            0%         N/A       100%        3
 Summon Guardian Golem    Hex/Summ       0%         N/A       100%        3
 Metabolic Englaciation   Hex/Ice        0%         N/A       100%        5
 Simulacrum               Ice/Necr       0%         N/A       100%        6


Dungeon Overview and Level Annotations

Branches:
Dungeon (4/15)
 Temple: D:4-7

Altars:

Shops:
D:1 (   D:3 (


Innate Abilities, Weirdness & Mutations

You have a pair of horns on your head.
You reflexively headbutt those who attack you in melee.


Message History

The puff of frost hits you. The white imp gestures at you.
The puff of frost hits you.
You shoot an arrow. The arrow barely misses the white imp.
The white imp barely misses you. The white imp hits you.
The white imp freezes you.
You shoot an arrow. The arrow hits the white imp.
The white imp gestures at you. The puff of frost hits you.
You shoot an arrow.
The arrow hits the white imp but does no damage.
The white imp gestures at you. The puff of frost hits you.
The iguana bites you but does no damage.
The white imp barely misses you. You furiously retaliate!
You headbutt the white imp, but do no damage.
The iguana barely misses you. You furiously retaliate!
You headbutt the iguana! You shoot an arrow.
The arrow barely misses the iguana.
The white imp gestures at you. The puff of frost hits you.
The iguana bites you!
* * * LOW HITPOINT WARNING * * *
The white imp barely misses you. The iguana bites you!
* * * LOW HITPOINT WARNING * * *
Okay, then.
The iguana attacks as you move away!
The iguana bites you but does no damage.
Okay, then.
The white imp attacks as you move away!
The white imp hits you but does no damage.
The white imp lashes its tail.
The white imp gestures at you.
The puff of frost hits you but does no damage.
That's the wrong kind of item! (Use * to select it.) x2
Okay, then.
Unknown command.
Unknown command.
Fire: a) +0 shortbow
Aim: an iguana (heavily wounded, 65% to hit)
You shoot an arrow. The arrow hits the iguana.
The iguana bites you but does no damage.
The iguana closely misses you.
Fire: a) +0 shortbow
Aim: an iguana (heavily wounded, 65% to hit)
You shoot an arrow. The arrow hits the iguana!
The white imp hits you.
* * * LOW HITPOINT WARNING * * *
The white imp freezes you.
* * * LOW HITPOINT WARNING * * *
The iguana bites you!
You die...

....##..#####..
.............. ....
...........# ...#
#.........# ....#
##.........#
##....####..........#
.........###....#
...............l##
.....#....#....5@#
..........##.....#
..............#..#
............)#####
#...........##
............#
............#
#..........##
..#........#


You could see an iguana and a white imp.

Vanquished Creatures
  A phantom (D:4)
  A scorpion (D:3)
  2 orc priests (D:3)
  Robin (D:2)
  4 gnolls (D:2)
  7 adders
  A worm (D:2)
  A dart slug (D:1)
  14 orcs
  12 ball pythons
  14 bats
  3 endoplasms
  4 giant cockroaches
  16 goblins
  14 hobgoblins
  9 jackals
  4 quokkas
  A frilled lizard (D:2)
  4 kobolds
  7 rats
120 creatures vanquished.

Notes
Turn   | Place    | Note
-------+----------+-------------------------------------------
     0 | D:1      | vurker the Minotaur Hunter began the quest for the Orb.
     0 | D:1      | Reached XP level 1. HP: 18/18 MP: 0/0
   192 | D:1      | Reached XP level 2. HP: 25/25 MP: 1/1
   457 | D:1      | Found Fymag's Antique Weapon Shop.
   540 | D:1      | Reached skill level 5 in Ranged Weapons
   773 | D:1      | Reached XP level 3. HP: 31/31 MP: 2/2
   967 | D:2      | Reached skill level 1 in Armour
   975 | D:2      | Reached XP level 4. HP: 14/38 MP: 3/3
  1492 | D:2      | Noticed Robin
  1502 | D:2      | Killed Robin
  1962 | D:3      | Found a faded altar of an unknown god.
  1962 | D:3      | Noticed a scorpion
  1972 | D:3      | Killed a scorpion
  1973 | D:3      | Reached XP level 5. HP: 46/46 MP: 4/4
  1979 | D:3      | Found Esimypuu's Antique Weapon Shop.
  2325 | D:3      | Reached XP level 6. HP: 36/52 MP: 5/5
  2326 | D:3      | Reached skill level 1 in Axes
  3406 | D:4      | Slain by an iguana

Illustrated notes

Levels and vault maps discovered:
D:1:      psy_arrival_conway, layout_basic, serial_shops, shop,
          chequers_serial_rivers_micro_c
D:2:      layout_basic, uniq_robin
D:3:      layout_basic, serial_shops, shop,
          hellmonk_ecumenical_altar_dog_temple, palyth_stone_intersect
D:4:      cheibrodos_helix_gallery, layout_cave_pools, uniq_ijyb

Skill      XL: |  1  2  3  4  5  6 |
---------------+-------------------+-----
Fighting       | 3 4 |  4.5
Ranged Weapons | 5 |  5.9
Armour         | 1 2 3 |  3.4
Dodging        | 3 |  3.9
Axes           | 2 |  2.7
Stealth        | |  0.7

Action                   |  1- 3 |  4- 6 || total
-------------------------+-------+-------++-------
Melee: Unarmed           |       |     1 ||     1
 Fire: Shortbow          |    74 |   225 ||   299
  Use: Scroll            |     3 |       ||     3
Armor: Leather armour    |     3 |    16 ||    19
       Plate armour      |       |    66 ||    66
Dodge: Dodged            |    10 |    93 ||   103

Table legend: (Time is in decaauts)
 A = Elapsed time spent in this place.
 B = Non-inter-level travel time spent in this place.
 C = Inter-level travel time spent in this place.
 D = Time resting spent in this place.
 E = Time spent auto-exploring this place.
 F = Levels seen in this place.
 G = Mean time per level.
                   A        B        C        D        E       F      G
               +--------+--------+--------+--------+--------+-----+--------+
         Total |   3527 |   3318 |    209 |      0 |   2691 |   4 |  881.8 |
       Dungeon |   3527 |   3318 |    209 |      0 |   2691 |   4 |  881.8 |
               +--------+--------+--------+--------+--------+-----+--------+

Top non-repeatable levels by time:
     D:2: 1164 daAuts
     D:3: 974 daAuts
     D:1: 831 daAuts
     D:4: 557 daAuts
